Map: Newkirk Precinct TE (Void)

Players

IIIIIIIIIIII

  • Race: Protoss Protoss
  • League: Grandmaster
  • Spawn Location: 7:00

Railgan - Winner!

  • Race: Zerg Zerg
  • League: Grandmaster
  • Spawn Location: 5:00

VOD

https://www.youtube.com/watch?v=QuPfA9DGQg8

Description

Time

  • Played on: March 24, 2017, 3:35 p.m.
  • Length: 15:29
Show
View Real Time Build Order
Export as new Build Order

IIIIIIIIIIII Protoss 

Build Orders: Oracle Opening 

Get SALT Encoding   

  12  0:00  Probe (Chrono Boost)  
  13  0:11  Probe (Chrono Boost)  
  14  0:18  Pylon  
  14  0:22  Probe (Chrono Boost)  
  15  0:36  Probe (Chrono Boost)  
  15  0:41  Gateway  
  16  0:45  Assimilator  
  16  0:47  Probe (Chrono Boost)  
  17  0:58  Probe (Chrono Boost)  
  18  1:08  Probe (Chrono Boost)  
  19  1:19  Probe (Chrono Boost)  
  19  1:24  Zealot  
  20  1:26  Pylon  
  20  1:30  Cybernetics Core  
  20  1:32  Probe (Chrono Boost)  
  23  1:34  Assimilator  
  22  1:44  Probe (Chrono Boost)  
  23  1:48  Zealot  
  25  1:56  Probe (Chrono Boost)  
  27  2:08  Probe (Chrono Boost)  
  27  2:11  Adept  
  29  2:16  Warp Gate  
  28  2:27  Stargate  
  29  2:31  Probe (Chrono Boost)  
  29  2:35  Adept  
  29  2:38  Pylon  
  32  2:58  Probe (Chrono Boost)  
  32  3:06  Nexus  
  32  3:08  Oracle  
  36  3:20  Probe (Chrono Boost)  
  34  3:30  Pylon  
  34  3:33  Probe (Chrono Boost)  
  35  3:39  Oracle  
  35  3:45  Probe (Chrono Boost)  
  40  3:57  Probe (Chrono Boost)  
  40  3:58  Pylon  
  40  4:09  Probe (Chrono Boost)  
  41  4:11  Void Ray  
  41  4:19  Probe (Chrono Boost)  
  41  4:21  Probe (Chrono Boost)  
  47  4:30  Probe (Chrono Boost)  
  48  4:33  Probe (Chrono Boost)  
  49  4:40  Probe (Chrono Boost)  
  49  4:45  Probe (Chrono Boost)  
  51  4:50  Gateway  
  51  4:51  Mothership Core (Chrono Boost), Gateway  
  53  4:57  Probe (Chrono Boost)  
  54  5:07  Probe (Chrono Boost)  
  54  5:10  Probe (Chrono Boost)  
  54  5:13  Adept  
  58  5:18  Probe (Chrono Boost)  
  58  5:20  Probe (Chrono Boost)  
  60  5:24  Nexus  
  60  5:25  Pylon  
  61  5:28  Probe (Chrono Boost)  
  61  5:31  Probe (Chrono Boost)  
  62  5:37  Assimilator  
  62  5:38  Assimilator  
  62  5:39  Probe (Chrono Boost)  
  62  5:41  Probe (Chrono Boost)  
  62  5:42  Pylon  
  64  5:48  Pylon  
  64  5:49  Probe (Chrono Boost)  
  65  5:52  Probe (Chrono Boost)  
  66  6:01  Probe (Chrono Boost)  
  66  6:02  Probe (Chrono Boost)  
  65  6:11  Probe (Chrono Boost)  
  65  6:12  Sentry x3  
  65  6:13  Probe (Chrono Boost)  
  73  6:22  Probe (Chrono Boost)  
  73  6:23  Probe (Chrono Boost)  
  73  6:24  Forge  
  75  6:26  Twilight Council  
  75  6:28  Pylon  
  75  6:33  Probe (Chrono Boost)  
  75  6:34  Probe (Chrono Boost)  
  75  6:38  Probe (Chrono Boost)  
  77  6:40  Pylon  
  77  6:43  Probe (Chrono Boost)  
  77  6:44  Probe (Chrono Boost)  
  79  6:48  Probe (Chrono Boost)  
  79  6:49  Charge, Protoss Ground Weapons Level 1  
  81  6:54  Probe (Chrono Boost), Assimilator  
  81  6:55  Probe (Chrono Boost)  
  81  6:59  Assimilator, Gateway  
  81  7:00  Gateway  
  82  7:03  Templar Archives  
  82  7:06  Probe (Chrono Boost), Gateway  
  82  7:08  Probe x2 (Chrono Boost)  
  85  7:17  Probe (Chrono Boost)  
  85  7:20  Probe x2 (Chrono Boost)  
  88  7:30  Psionic Storm  
  88  7:31  Robotics Facility  
  88  7:33  Zealot x3  
  94  7:37  Pylon  
  94  7:39  Pylon  
  94  7:41  Probe x2 (Chrono Boost)  
  94  7:42  Probe (Chrono Boost), Pylon  
  97  7:53  Pylon  
  97  7:55  High Templar x4  
  97  7:57  Zealot  
  107  8:00  Pylon  
  107  8:05  Gateway  
  107  8:07  Pylon  
  107  8:08  Gateway  
  107  8:16  Observer  
  107  8:19  Robotics Facility  
  108  8:23  Zealot x2  
  110  8:30  Zealot x4  
  108  8:34  Immortal  
  104  8:44  Zealot  
  102  8:49  Gateway  
  102  8:50  Gateway  
  102  8:51  Zealot x4  
  102  8:53  Pylon  
  110  9:02  Archon  
  110  9:06  Immortal  
  110  9:09  Immortal, Zealot  
  116  9:11  Zealot x4  
  126  9:22  Archon  
  126  9:27  Protoss Ground Weapons Level 2  
  126  9:30  Gateway  
  126  9:32  High Templar x4  
  126  9:34  Gateway  
  132  9:42  High Templar x2  
  136  9:46  Pylon, Immortal  
  136  9:47  Archon, Pylon  
  140  9:55  Pylon  
  137  10:04  Nexus  
  127  10:12  Zealot x5  
  127  10:13  Zealot  
  139  10:16  Zealot  
  141  10:23  Zealot  
  141  10:26  Immortal  
  135  10:28  Archon x2  
  135  10:32  Immortal  
  135  10:35  Zealot x2  
  127  10:37  Zealot  
  117  10:43  High Templar  
  117  10:44  High Templar x3  
  123  10:52  Probe (Chrono Boost)  
  123  10:53  Probe x2 (Chrono Boost)  
  123  10:55  Zealot x2  
  130  11:02  Warp Prism  
  133  11:05  Probe x3 (Chrono Boost)  
  133  11:11  Zealot x3  
  121  11:21  Zealot x4  
  112  11:25  Zealot x2  
  112  11:31  High Templar x2  
  118  11:34  Zealot  
  118  11:39  Immortal  
  118  11:42  High Templar  
  118  11:43  High Templar x3  
  122  11:53  Archon  
  122  11:54  Archon, High Templar  
  118  11:55  High Templar  
  118  11:56  Immortal  
  126  12:08  High Templar x2  
  126  12:11  Assimilator  
  126  12:14  Zealot  
  126  12:15  Zealot x4  
  135  12:17  Assimilator  
  135  12:21  Archon  
  135  12:22  Archon, Immortal  
  141  12:33  Pylon  
  141  12:35  Zealot x5  
  141  12:37  Pylon  
  141  12:46  High Templar x4  
  141  12:50  Archon x2  
  139  12:53  Observer  
  138  13:00  Zealot x2  
  138  13:01  Zealot x3  
  138  13:03  Immortal  
  148  13:22  Immortal  
  128  13:27  Zealot x6  
  128  13:28  Zealot x2  
  126  13:35  Archon  
  126  13:36  High Templar  
  122  13:48  Zealot x5  
  122  13:49  Zealot  
  122  13:53  Immortal  
  124  13:56  High Templar x2  
  116  14:19  Robotics Bay  
  116  14:22  High Templar x3  
  116  14:23  Stalker  
  124  14:24  High Templar  
  124  14:26  Archon  
  124  14:30  Archon x2  
  126  14:32  Zealot x4  
  104  14:47  Zealot  
  104  14:49  Immortal  
  106  14:53  Nexus  
  106  14:59  High Templar x3  
  108  15:01  Zealot x2, High Templar  
  108  15:03  Archon  
  108  15:05  Archon  
  114  15:07  Zealot x2  
  97  15:21  Zealot x2  
  97  15:22  Zealot  
Show
View Real Time Build Order
Export as new Build Order

Railgan Zerg - Winner!

Build Orders: Pool First 

Get SALT Encoding   

  12  0:19  Spawning Pool  
  11  0:22  Drone  
  11  0:27  Drone  
  13  0:30  Drone  
  14  0:40  Overlord  
  14  0:45  Extractor  
  14  0:47  Drone  
  14  1:07  Zergling x4  
  16  1:16  Zergling x2  
  17  1:28  Hatchery  
  16  1:36  Drone  
  16  1:38  Drone  
  18  1:47  Metabolic Boost  
  18  1:52  Drone  
  19  2:03  Drone  
  19  2:23  Hatchery, Drone  
  19  2:29  Overlord  
  19  2:50  Zergling x2  
  19  2:51  Queen, Zergling x2  
  21  2:53  Queen  
  25  2:58  Drone  
  25  3:01  Drone  
  25  3:04  Drone  
  28  3:07  Drone  
  29  3:19  Drone  
  29  3:22  Drone x2  
  29  3:25  Drone x2  
  33  3:42  Queen, Spore Crawler  
  33  3:43  Drone  
  33  3:44  Spore Crawler, Drone  
  35  3:49  Drone x2  
  35  3:53  Drone  
  35  3:54  Drone  
  39  3:57  Overlord  
  39  4:00  Drone  
  39  4:01  Drone  
  41  4:05  Spore Crawler  
  41  4:09  Drone x2  
  42  4:14  Drone  
  42  4:15  Drone  
  42  4:16  Drone  
  43  4:25  Queen  
  43  4:26  Drone  
  43  4:27  Drone  
  47  4:33  Drone  
  47  4:34  Overlord  
  47  4:35  Drone  
  47  4:37  Drone  
  50  4:44  Overlord  
  50  4:51  Queen  
  52  4:52  Queen  
  52  4:56  Drone  
  52  4:57  Drone x3  
  52  4:59  Drone  
  57  5:02  Drone  
  57  5:05  Overlord  
  57  5:06  Extractor  
  57  5:08  Extractor  
  57  5:09  Overlord  
  57  5:14  Drone x2  
  57  5:18  Roach Warren  
  58  5:21  Drone  
  58  5:24  Drone x4  
  58  5:26  Drone  
  62  5:30  Drone  
  62  5:31  Drone x2  
  64  5:36  Lair  
  64  5:38  Drone x2  
  64  5:39  Drone  
  67  5:44  Drone  
  67  5:45  Drone  
  67  5:49  Drone x5  
  74  5:56  Evolution Chamber  
  74  5:57  Evolution Chamber, Drone x3  
  70  6:00  Drone  
  70  6:01  Drone  
  73  6:07  Extractor  
  72  6:12  Drone  
  72  6:13  Overlord x2  
  72  6:15  Overlord  
  73  6:23  Overlord  
  73  6:25  Extractor, Overlord  
  72  6:27  Roach, Extractor  
  72  6:32  Hatchery  
  72  6:33  Drone x2  
  72  6:34  Drone  
  72  6:36  Drone x2  
  72  6:38  Roach  
  78  6:41  Roach x2  
  78  6:46  Glial Reconstitution, Zerg Missile Weapons Level 1  
  82  6:47  Zerg Ground Armor Level 1  
  82  6:49  Drone x2  
  82  6:51  Hydralisk Den  
  83  6:58  Drone x3  
  83  7:00  Roach  
  83  7:01  Roach x3  
  94  7:07  Roach  
  94  7:08  Roach x2  
  100  7:09  Overlord  
  100  7:13  Roach x2  
  104  7:18  Roach x3  
  104  7:21  Overlord  
  104  7:22  Drone  
  110  7:23  Drone  
  110  7:26  Roach  
  110  7:27  Drone x2  
  110  7:28  Drone  
  115  7:30  Hydralisk  
  115  7:31  Hydralisk  
  119  7:41  Hydralisk x3  
  125  7:48  Ravager x3  
  125  7:49  Hydralisk  
  125  7:51  Zergling x10  
  133  7:56  Overlord x2  
  135  8:08  Hatchery  
  135  8:11  Hydralisk  
  136  8:13  Overlord  
  136  8:16  Drone  
  136  8:17  Overlord x2, Drone x2  
  136  8:18  Hydralisk x2  
  143  8:32  Hydralisk x7  
  147  8:37  Hydralisk x3  
  147  8:39  Roach  
  146  8:44  Roach x3  
  144  8:48  Spore Crawler  
  144  8:50  Roach, Drone  
  144  8:52  Zerg Missile Weapons Level 2  
  144  8:53  Zergling x2  
  147  9:00  Drone  
  147  9:01  Hydralisk, Drone  
  148  9:03  Ravager x3  
  148  9:04  Zergling x2  
  148  9:05  Zergling x4  
  156  9:10  Roach  
  151  9:18  Roach x3  
  151  9:23  Roach x7  
  167  9:26  Roach  
  169  9:35  Roach  
  166  9:41  Roach x6  
  166  9:43  Overlord  
  175  9:46  Zerg Ground Armor Level 2  
  175  9:48  Roach  
  175  9:52  Roach x2  
  181  9:53  Overlord  
  181  9:57  Overlord  
  178  10:01  Roach x3  
  178  10:09  Roach x4  
  178  10:13  Roach x7  
  196  10:16  Overlord  
  194  10:27  Roach  
  190  10:30  Roach x8  
  190  10:31  Roach  
  190  10:32  Roach  
  190  10:33  Roach  
  170  10:38  Roach x3  
  159  10:43  Roach x3  
  159  10:44  Hydralisk  
  159  10:46  Zergling x4  
  159  10:49  Hydralisk  
  163  10:50  Hydralisk  
  163  10:51  Drone  
  163  10:52  Drone  
  163  10:53  Drone  
  163  10:55  Extractor x2  
  168  10:58  Drone x2  
  168  10:59  Hydralisk  
  168  11:00  Zergling x4  
  172  11:05  Hydralisk  
  150  11:23  Roach x6  
  129  11:26  Roach  
  129  11:31  Hydralisk x7  
  129  11:32  Drone  
  141  11:33  Drone  
  141  11:38  Roach  
  142  11:41  Roach  
  142  11:44  Roach x2  
  142  11:46  Roach x3  
  154  11:47  Overlord  
  154  11:51  Drone x2  
  154  11:52  Drone x2  
  157  11:54  Overlord  
  157  12:00  Ravager x5  
  163  12:01  Zergling x6  
  163  12:02  Zergling x2  
  166  12:08  Zergling x2  
  166  12:09  Zergling x14  
  166  12:12  Overlord  
  166  12:14  Overlord x2  
  174  12:16  Overlord  
  173  12:26  Zerg Melee Weapons Level 1  
  171  12:31  Baneling Nest  
  171  12:33  Infestation Pit  
  167  12:39  Roach  
  167  12:41  Roach  
  167  12:42  Roach x12  
  192  12:49  Roach  
  192  12:50  Roach x3  
  195  12:59  Hydralisk  
  195  13:01  Zergling x2  
  198  13:05  Hydralisk  
  198  13:08  Muscular Augments  
  198  13:09  Overlord  
  198  13:10  Overlord  
  182  13:22  Roach x6  
  182  13:24  Roach  
  182  13:25  Roach x3  
  170  13:31  Roach  
  170  13:32  Roach x5  
  160  13:35  Roach x7  
  160  13:36  Roach x2  
  160  13:38  Hydralisk x2  
  178  13:44  Hydralisk  
  178  13:45  Hydralisk  
  182  13:51  Drone x5  
  185  13:59  Queen x2  
  185  14:01  Drone x3  
  192  14:07  Roach x2  
  196  14:13  Hydralisk x2  
  196  14:14  Extractor  
  196  14:15  Extractor  
  198  14:20  Hydralisk  
  200  14:26  Overlord  
  190  14:36  Hydralisk  
  190  14:37  Hydralisk x3  
  164  14:49  Hydralisk  
  148  14:53  Hydralisk  
  148  14:54  Hydralisk x3  
  148  14:56  Zergling x18  
  156  15:02  Hydralisk  
Tags
 
Add a new tag
Caveats
  • Supply blocks, unpowered buildings, or Contaminate may cause inaccurate times.
  • Supply counts are checked every 10 seconds.